Map: King Sejong Station LE

Players

Elazer - Winner!

  • Race: Zerg Zerg

ShoWTimE

  • Race: Protoss Protoss

Event: 2016 WCS Global Finals

VOD

Have the link to the VOD?

Description

Time

  • Played on: Nov. 4, 2016, 3:40 p.m.
  • Length: 12:25

All games in this series

Show
View Real Time Build Order
Export as new Build Order

Elazer Zerg - Winner!

Build Orders: Pool First, Swarm Host 

Get SALT Encoding   

  12  0:00  Drone  
  13  0:12  Overlord  
  13  0:17  Drone  
  14  0:30  Drone x2  
  14  0:35  Drone  
  17  0:45  Drone, Extractor  
  17  0:56  Drone  
  18  0:58  Spawning Pool  
  17  1:07  Drone  
  18  1:17  Drone  
  19  1:23  Hatchery  
  18  1:29  Drone  
  19  1:45  Zergling x2, Queen  
  19  1:46  Metabolic Boost  
  22  1:52  Overlord  
  22  2:11  Drone x2  
  24  2:22  Queen  
  24  2:28  Drone  
  27  2:33  Drone  
  27  2:35  Zergling x2, Pneumatized Carapace  
  29  2:43  Zergling x2  
  30  2:56  Drone  
  32  2:58  Drone x3, Hatchery  
  32  3:03  Drone x2  
  35  3:08  Evolution Chamber  
  35  3:10  Zergling x2  
  35  3:13  Overlord  
  35  3:18  Drone  
  36  3:31  Queen  
  36  3:32  Drone x2  
  36  3:33  Drone x3  
  43  3:37  Drone  
  44  3:42  Overlord  
  44  3:52  Extractor, Overlord  
  44  3:53  Drone  
  44  3:57  Roach Warren  
  44  3:58  Drone  
  44  4:02  Drone x3  
  47  4:04  Drone  
  47  4:06  Drone  
  47  4:09  Drone x2  
  51  4:12  Drone  
  52  4:17  Overlord  
  52  4:23  Drone x2  
  53  4:28  Overlord, Queen  
  53  4:29  Drone  
  56  4:34  Drone  
  56  4:35  Drone  
  56  4:37  Spore Crawler  
  57  4:38  Spore Crawler  
  57  4:39  Spore Crawler  
  57  4:44  Roach x2  
  58  4:49  Roach x2  
  58  4:52  Roach x2  
  66  4:55  Roach  
  64  5:09  Overlord  
  64  5:12  Overlord  
  64  5:13  Drone  
  64  5:14  Drone  
  64  5:15  Drone x3  
  64  5:16  Drone x3  
  70  5:22  Lair, Queen  
  70  5:24  Overlord  
  70  5:27  Drone  
  72  5:32  Drone x2, Overlord  
  74  5:38  Baneling Nest  
  74  5:40  Zergling x2  
  74  5:43  Zergling x2  
  74  5:49  Overlord  
  74  5:53  Drone  
  74  5:54  Roach  
  74  5:55  Roach x3  
  74  5:56  Drone  
  74  5:57  Drone x3  
  86  6:02  Zerg Melee Weapons Level 1  
  85  6:17  Overlord  
  85  6:20  Overlord  
  85  6:24  Baneling x4  
  83  6:26  Overlord  
  83  6:27  Drone x5  
  83  6:28  Drone x2  
  83  6:31  Extractor  
  86  6:34  Drone x4  
  86  6:35  Overlord  
  86  6:37  Extractor  
  86  6:39  Drone x2, Hatchery  
  90  6:41  Drone x2  
  90  6:46  Drone  
  87  6:57  Roach x2  
  87  6:58  Roach, Overlord  
  93  7:03  Extractor  
  93  7:04  Infestation Pit  
  91  7:09  Overlord  
  91  7:12  Overlord  
  91  7:13  Zergling x4  
  91  7:15  Drone  
  94  7:17  Overlord  
  94  7:19  Drone x2  
  94  7:20  Hatchery  
  94  7:21  Overlord  
  93  7:29  Overlord  
  93  7:31  Centrifical Hooks  
  89  7:37  Drone x3  
  89  7:38  Drone x2  
  89  7:39  Drone x2  
  89  7:40  Drone x3  
  94  7:49  Overlord  
  94  7:56  Overlord  
  94  7:58  Roach x2  
  98  8:04  Zerg Melee Weapons Level 2  
  98  8:07  Swarm Host x3  
  98  8:08  Swarm Host x2  
  113  8:17  Overlord  
  113  8:19  Zergling x2  
  113  8:20  Zergling x20  
  113  8:23  Baneling x4  
  120  8:27  Overlord  
  120  8:28  Zergling x2  
  120  8:29  Zergling x6  
  124  8:36  Overlord  
  124  8:38  Zergling x2  
  124  8:39  Zergling x10  
  130  8:45  Zergling x8  
  134  8:51  Overlord  
  134  8:52  Ravager x6  
  134  8:55  Zergling x16  
  145  9:06  Zergling x4, Overlord  
  145  9:07  Zergling x4  
  149  9:11  Zergling x8  
  149  9:12  Ravager x3  
  149  9:13  Baneling  
  149  9:14  Baneling x3  
  156  9:20  Zergling x10  
  156  9:21  Zergling x10  
  156  9:23  Baneling x5  
  166  9:30  Baneling x3  
  166  9:34  Zergling x14  
  173  9:40  Baneling  
  173  9:41  Baneling x3  
  173  9:42  Baneling  
  173  9:43  Baneling x2  
  173  9:52  Zergling x12  
  178  9:56  Overlord  
  175  10:00  Overlord  
  175  10:01  Baneling  
  175  10:02  Baneling x7, Zergling x2  
  175  10:03  Zergling x20  
  183  10:14  Overlord  
  183  10:15  Zergling x12  
  183  10:16  Zergling x6  
  183  10:19  Hive  
  191  10:24  Baneling  
  191  10:27  Baneling x6  
  190  10:29  Overlord  
  190  10:30  Overseer  
  190  10:35  Zergling x12  
  189  10:50  Zergling x12  
  194  11:02  Zergling x12  
  183  11:04  Drone  
  183  11:06  Spire  
  183  11:08  Zergling x14  
  183  11:10  Baneling  
  183  11:11  Baneling  
  187  11:17  Zergling x2  
  187  11:18  Zergling x20  
  198  11:23  Baneling x7  
  198  11:25  Baneling  
  198  11:26  Baneling x4, Zergling x2  
  195  11:38  Zergling x18  
  198  11:42  Zergling x2  
  198  11:43  Hatchery  
  185  11:52  Zergling x2  
  185  11:53  Zergling x30  
  173  11:58  Baneling  
  173  11:59  Baneling x9  
Show
View Real Time Build Order
Export as new Build Order

ShoWTimE Protoss 

Build Orders: 1 Gate Expand, Zealot Archon, Dark Templar Rush 

Get SALT Encoding   

  12  0:00  Probe (Chrono Boost)  
  13  0:11  Probe (Chrono Boost)  
  14  0:19  Pylon  
  14  0:22  Probe (Chrono Boost)  
  15  0:37  Probe (Chrono Boost)  
  15  0:41  Gateway  
  16  0:46  Assimilator  
  16  0:47  Probe (Chrono Boost)  
  17  0:58  Probe (Chrono Boost)  
  18  1:08  Probe (Chrono Boost)  
  19  1:24  Nexus  
  19  1:25  Probe (Chrono Boost)  
  20  1:35  Cybernetics Core  
  20  1:38  Probe (Chrono Boost)  
  21  1:43  Assimilator  
  21  1:48  Probe (Chrono Boost)  
  21  1:52  Pylon  
  22  1:59  Probe (Chrono Boost)  
  23  2:08  Adept  
  23  2:11  Warp Gate  
  23  2:12  Probe (Chrono Boost)  
  26  2:25  Mothership Core (Chrono Boost)  
  28  2:36  Probe (Chrono Boost)  
  29  2:43  Probe (Chrono Boost)  
  30  2:46  Twilight Council  
  30  2:47  Probe (Chrono Boost)  
  31  2:53  Probe (Chrono Boost)  
  31  2:57  Probe (Chrono Boost)  
  33  3:04  Probe (Chrono Boost)  
  34  3:06  Robotics Facility  
  34  3:08  Probe (Chrono Boost)  
  35  3:14  Probe (Chrono Boost)  
  35  3:19  Probe (Chrono Boost)  
  37  3:25  Probe (Chrono Boost)  
  38  3:28  Dark Shrine  
  38  3:29  Probe (Chrono Boost)  
  38  3:32  Gateway  
  39  3:35  Gateway, Probe (Chrono Boost)  
  39  3:40  Probe (Chrono Boost)  
  41  3:42  Gateway  
  41  3:46  Probe (Chrono Boost)  
  42  3:49  Warp Prism  
  42  3:53  Probe (Chrono Boost)  
  45  3:58  Pylon, Probe (Chrono Boost)  
  45  4:02  Assimilator  
  46  4:05  Assimilator  
  46  4:07  Pylon  
  46  4:13  Probe (Chrono Boost)  
  46  4:15  Probe (Chrono Boost)  
  45  4:19  Adept  
  45  4:23  Probe (Chrono Boost)  
  46  4:28  Probe (Chrono Boost)  
  47  4:34  Probe (Chrono Boost)  
  49  4:40  Probe (Chrono Boost)  
  49  4:42  Adept  
  49  4:44  Probe (Chrono Boost)  
  52  4:52  Dark Templar, Probe (Chrono Boost)  
  55  4:54  Dark Templar  
  55  4:55  Probe (Chrono Boost)  
  58  5:04  Probe (Chrono Boost)  
  58  5:05  Probe (Chrono Boost)  
  59  5:14  Adept  
  59  5:16  Pylon, Probe (Chrono Boost)  
  62  5:28  Probe (Chrono Boost)  
  62  5:35  Dark Templar x2  
  67  5:36  Dark Templar, Probe (Chrono Boost)  
  67  5:38  Probe (Chrono Boost)  
  67  5:40  Archon x2  
  70  5:48  Nexus  
  70  5:51  Pylon  
  70  5:53  Pylon  
  70  5:59  Pylon  
  70  6:02  Forge  
  70  6:07  Blink  
  70  6:09  Probe (Chrono Boost)  
  70  6:11  Probe (Chrono Boost)  
  72  6:20  Stalker x2, Probe (Chrono Boost)  
  72  6:22  Protoss Ground Weapons Level 1  
  72  6:23  Probe (Chrono Boost)  
  78  6:30  Probe (Chrono Boost), Stalker  
  79  6:34  Pylon  
  79  6:36  Probe (Chrono Boost)  
  80  6:41  Probe (Chrono Boost)  
  82  6:48  Probe (Chrono Boost)  
  82  6:51  Immortal  
  82  6:53  Probe (Chrono Boost), Sentry x2  
  91  7:01  Dark Templar, Probe (Chrono Boost)  
  96  7:08  Probe (Chrono Boost)  
  96  7:09  Probe (Chrono Boost)  
  96  7:11  Stalker  
  96  7:14  Probe (Chrono Boost)  
  99  7:19  Probe (Chrono Boost)  
  99  7:21  Probe (Chrono Boost)  
  102  7:30  Assimilator, Probe (Chrono Boost)  
  102  7:33  Probe (Chrono Boost)  
  102  7:34  Immortal  
  102  7:35  Assimilator  
  107  7:37  Gateway  
  107  7:39  Gateway  
  105  7:47  Gateway, Dark Templar x2  
  105  7:48  Dark Templar x2  
  113  7:53  Archon x2  
  113  8:02  Pylon, Protoss Ground Weapons Level 2  
  113  8:07  Gateway  
  113  8:08  Gateway  
  113  8:13  Immortal  
  113  8:18  Pylon  
  117  8:22  Probe (Chrono Boost)  
  117  8:25  Gateway  
  118  8:40  Stalker x3  
  118  8:41  Nexus  
  124  8:44  Photon Cannon, Pylon  
  124  8:45  Photon Cannon  
  124  8:46  Photon Cannon  
  124  8:51  Pylon  
  124  8:52  Dark Templar  
  124  8:54  Immortal  
  130  8:57  Probe (Chrono Boost)  
  130  8:58  Stalker  
  130  9:02  Probe (Chrono Boost)  
  128  9:13  Stalker x2  
  127  9:29  Photon Cannon  
  127  9:33  Immortal  
  127  9:37  Dark Templar, Stalker  
  127  9:38  Dark Templar  
  137  9:42  Archon  
  137  9:48  Stalker  
  137  9:49  Stalker x2  
  137  9:50  Stalker  
  144  10:01  Probe x2 (Chrono Boost)  
  144  10:02  Dark Templar  
  144  10:04  Probe (Chrono Boost)  
  145  10:08  Dark Templar  
  145  10:12  Immortal  
  144  10:16  Archon  
  144  10:18  Adept x2  
  139  10:21  Probe x2 (Chrono Boost)  
  138  10:30  Dark Templar x2  
  138  10:31  Stalker  
  138  10:34  Pylon  
  138  10:35  Archon  
  142  10:44  Sentry x2  
  142  10:45  Stalker x2  
  145  10:51  Zealot x3  
  145  10:53  Phoenix  
  145  10:55  Sentry  
  149  11:05  Probe x2 (Chrono Boost)  
  149  11:06  Probe x2 (Chrono Boost)  
  149  11:09  Dark Templar  
  149  11:10  Dark Templar  
  157  11:12  Pylon  
  157  11:14  Archon  
  157  11:23  Pylon, Probe (Chrono Boost)  
  157  11:24  Probe x2 (Chrono Boost)  
  160  11:30  Assimilator  
  160  11:35  Assimilator  
  147  11:40  Dark Templar x2  
  111  11:55  Stalker x2  
  111  11:56  Stalker x2  
  119  12:05  Stalker  
  119  12:06  Stalker  
  97  12:16  Dark Templar  
  97  12:17  Stalker  
Tags
 
Add a new tag
Caveats
  • Supply blocks, unpowered buildings, or Contaminate may cause inaccurate times.
  • Supply counts are checked every 10 seconds.